 Dungeon Crawl Stone Soup version 0.23.1-38-g628c18f (webtiles) character file.

Game seed: 13939795295181864890

74 Borgoz the Cutter (level 4, -3/28 HPs)
             Began as a Kobold Fighter on Mar 28, 2019.
             Slain by a worm (9 damage)
             ... on level 2 of the Dungeon.
             The game lasted 00:01:59 (1001 turns).

Borgoz the Cutter (Kobold Fighter)                  Turns: 1001, Time: 00:02:01

Health: -3/28      AC:  6    Str: 19    XL:     4   Next: 54%
Magic:  4/4        EV: 12    Int:  9    God:
Gold:   74         SH:  0    Dex: 14    Spells: 3/3 levels left

rFire    . . .     SeeInvis .   a - +0 rapier
rCold    . . .     Gourm    .   (shield restricted)
rNeg     . . .     Faith    .   b - +0 scale mail
rPois    +         Spirit   .   (no helmet)
rElec    .         Reflect  .   (no cloak)
rCorr    .         Harm     .   (no gloves)
MR       .....                  (no boots)
Stlth    +.........             (no amulet)
HPRegen  0.09/turn              n - ring of poison resistance
MPRegen  0.09/turn              (no ring)

@: mighty
A: small, carnivore
a: no special abilities


You were on level 2 of the Dungeon.
You were completely stuffed.

You visited 1 branch of the dungeon, and saw 2 of its levels.

You collected 74 gold pieces.

Inventory:

Hand Weapons
 a - a +0 rapier (weapon)
Missiles
 k - a throwing net (quivered)
Armour
 b - a +0 scale mail (worn)
 c - a +0 shield
Jewellery
 n - a ring of poison resistance (left hand)
 o - a cursed ring of attention {unknown}
Scrolls
 e - 4 scrolls of remove curse {unknown}
 g - 2 scrolls of enchant weapon {unknown}
 l - a scroll of fog {unknown}
 m - a scroll of identify {unknown}
Potions
 i - a potion of flight {unknown}
 j - a potion of curing {unknown}
Comestibles
 f - 3 rations


   Skills:
 + Level 3.5 Fighting
 * Level 3.7 Short Blades
 * Level 2.9 Armour
 * Level 2.0 Dodging
 + Level 1.7 Stealth
 - Level 2.4 Shields


You had 3 spell levels left.
You didn't know any spells.
Your spell library was empty.

Dungeon Overview and Level Annotations

Branches:
Dungeon (2/15)

Altars:


Innate Abilities, Weirdness & Mutations

You are small and have problems with some larger weapons.
You are carnivorous and can eat meat at any time.


Message History

The giant cockroach closely misses you. The jackal barely misses you.
The jackal bites you but does no damage.
The hobgoblin closely misses you. The giant cockroach barely misses you.
The jackal closely misses you.
You closely miss the jackal. The jackal barely misses you.
The hobgoblin barely misses you.
The jackal bites you but does no damage.
The giant cockroach misses you.
The jackal bites you but does no damage.
You puncture the worm!
The worm is heavily wounded.
The jackal closely misses you. The hobgoblin barely misses you.
The jackal barely misses you. The giant cockroach closely misses you.
You puncture the worm!
The worm is almost dead.
The jackal bites you but does no damage.
The jackal closely misses you. The hobgoblin hits you.
* * * LOW HITPOINT WARNING * * *
The giant cockroach barely misses you. The worm bites you!
You die...

***.........##..........##.##.#..
*,........##................#..
#####.......#........w.##..#.....
.......................#...#.##.#
................#..............w.
................#.##...#...#.....
................w......##.##.#...
.......).......hws...........##.#
.......###.....g@h...............
..÷.........#...............w....
............#....................
.................†...............
.........................##...#..
........[..#....#........##$..#..
...........#..(.#........##...#..
...........######........######..
######....,* #........# *..


You could see a worm, a dart slug, 2 jackals, a giant cockroach and a hobgoblin.

Vanquished Creatures
  A howler monkey (D:2)
  An ooze (D:2)
  4 bats
  2 giant cockroaches
  3 goblins (D:1)
  6 hobgoblins
  2 jackals (D:2)
  A quokka (D:2)
  2 frilled lizards
  3 kobolds
  3 rats
28 creatures vanquished.

Notes
Turn   | Place    | Note
-------+----------+-------------------------------------------
     0 | D:1      | Borgoz the Kobold Fighter began the quest for the Orb.
     0 | D:1      | Reached XP level 1. HP: 14/14 MP: 1/1
   188 | D:1      | Reached XP level 2. HP: 18/19 MP: 2/2
   210 | D:1      | Reached skill level 1 in Dodging
   531 | D:1      | Reached skill level 1 in Stealth
   902 | D:2      | Reached XP level 3. HP: 19/23 MP: 3/3
   978 | D:2      | Reached XP level 4. HP: 9/28 MP: 4/4
  1001 | D:2      | Slain by a worm

Skill      XL: |  1  2  3  4 |
---------------+-------------+-----
Short Blades   | 3 |  3.7
Dodging        | 1 2 |  2.0
Stealth        | 1 |  1.7
Fighting       | |  3.5
Armour         | |  2.9
Shields        | |  2.4

Action                   |  1- 3 |  4- 6 || total
-------------------------+-------+-------++-------
Melee: Rapier            |    80 |    11 ||    91
  Use: Scroll            |       |     1 ||     1
       Potion            |       |     1 ||     1
  Eat: Chunk             |     9 |       ||     9
Armor: Scale mail        |    40 |    16 ||    56
Dodge: Dodged            |    56 |    27 ||    83
